 Dungeon Crawl Stone Soup version 0.30-a0-149-g7f746667c4 (webtiles) character file.

Game seed: 12725244239231144335

2 NinjaNoafa the Ruffian (level 1, 0/24 HPs)
             Began as a Draconian Transmuter on Sept 26, 2022.
             Succumbed to a goblin's poison
             ... on level 1 of the Dungeon.
             The game lasted 00:00:15 (21 turns).

NinjaNoafa the Ruffian (Draconian Transmuter)         Turns: 21, Time: 00:00:16

Health: 0/24       AC: 20    Str: 12    XL:     1   Next: 25%
Magic:  3/3        EV:  2    Int: 13    God:
Gold:   0          SH:  0    Dex: 11    Spells: 3/4 levels left

rFire   . . .      SeeInvis .      - Unarmed
rCold   . . .      Faith    .    (no shield)
rNeg    . . .      Spirit   .    (body armour unavailable)
rPois   +          Reflect  .    (helmet currently unavailable)
rElec   .          Harm     .    (cloak currently unavailable)
rCorr   .          Rampage  .    (gloves currently unavailable)
Will    .....      NoTele   +    (boots currently unavailable)
Stlth   +.........               (no amulet)
HPRegen 0.08/turn                (no ring)
MPRegen 0.08/turn                (no ring)

@: lethally poisoned (0 -> -1), tree-form
A: stationary, stasis, torment immunity, boosted hp, AC +4, unfitting armour,
(cold-blooded)
a: no special abilities


You were on level 1 of the Dungeon.
You were a tree.
You visited 1 branch of the dungeon, and saw 1 of its levels.

You aren't carrying anything.


   Skills:
 - Level 1.1 Fighting
 - Level 1.7 Dodging
 - Level 3.0 Unarmed Combat
 - Level 2.0 Spellcasting
 + Level 2.2 Transmutations


You had 3 spell levels left.
You knew the following spells:

 Your Spells              Type           Power      Damage    Failure   Level
a - Beastly Appendage     Tmut           14%        N/A       11%         1

Your spell library contained the following spells:

 Spells                   Type           Power      Damage    Failure   Level
 Wereblood                Tmut           7%         N/A       16%         2
 Spider Form              Tmut/Pois      4%         N/A       43%         3
 Ice Form                 Ice/Tmut       4%         N/A       85%         4


Dungeon Overview and Level Annotations

Branches:
Dungeon (1/15)

Altars:


Innate Abilities, Weirdness & Mutations

You are a tree.
Your roots penetrate the ground, keeping you stationary.
You cannot be teleported.
You are immune to unholy pain and torment.
Your maximum health is greatly increased.
Your equipment is partially melded.
((Your plain brown scales are hard. (AC +4)))
You cannot fit into any form of body armour.
((You are cold-blooded and may be slowed by cold attacks.))


Message History

You closely miss the goblin. Your kick misses the goblin.
You closely miss the goblin. You claw the goblin.
The goblin is severely wounded.
The ball python hisses angrily.
The goblin completely misses you.
You closely miss the goblin. Your kick misses the goblin.
Your headbutt misses the goblin.
The goblin is severely wounded.
The goblin hits you with a +2 dagger of venom.
You are lethally poisoned!
You hit the goblin.
You kill the goblin!
Your transformation is almost over.
You feel very sick.
You feel sick.
The ball python bites you but does no damage.
The ball python grabs you. The ball python constricts you.
Things that are here:
a +2 dagger of venom; a goblin corpse You closely miss the ball python.
Your kick misses the ball python.
You feel sick. The ball python barely misses you.
The ball python constricts you.
You hit the ball python.
You kill the ball python!
* * * LOW HITPOINT WARNING * * *
You feel sick.
* * * LOW HITPOINT WARNING * * *
You feel sick.
You see here a ball python corpse.
Really quaff the potion of lignification?
Your horns disappear.
Your talons disappear.
You turn into a tree.
Your roots penetrate the ground.
* * * LOW HITPOINT WARNING * * *
You feel sick.
Unknown command.
* * * LOW HITPOINT WARNING * * *
You feel sick.
* * * LOW HITPOINT WARNING * * *
You feel sick.
You die...

###..##
.....########
............
#...........
#...........
#...........
#...........
#..)♣.......
###.######..
##.##
#####...######..
#................
#..##♣♣♣.♣♣♣##...
# ♣⌠♣
..♣♣♣♣♣.♣♣♣♣♣..
.....⌠.<.⌠.....


There were no monsters in sight!

Vanquished Creatures
  A goblin (D:1)
  A ball python (D:1)
2 creatures vanquished.

Notes
Turn   | Place    | Note
-------+----------+-------------------------------------------
     0 | D:1      | NinjaNoafa the Draconian Transmuter began the quest for the
                  | Orb.
     0 | D:1      | Reached XP level 1. HP: 16/16 MP: 3/3
    20 | D:1      | HP: 1/24 [poisoned by a goblin]
    21 | D:1      | Succumbed to a goblin's poison

Illustrated notes

Levels and vault maps discovered:
D:1:      scummos_arrival_forest, layout_basic

Action                   || total
-------------------------++-------
Melee: Unarmed           ||     6
       Kick              ||     1
 Cast: Beastly Appendage ||     1
  Use: Potion            ||     1
Armor: Skin              ||     1
Dodge: Dodged            ||     2

Table legend: (Time is in decaauts)
 A = Elapsed time spent in this place.
 B = Non-inter-level travel time spent in this place.
 C = Inter-level travel time spent in this place.
 D = Time resting spent in this place.
 E = Time spent auto-exploring this place.
 F = Levels seen in this place.
 G = Mean time per level.
                   A        B        C        D        E       F      G
               +--------+--------+--------+--------+--------+-----+--------+
         Total |     20 |     20 |      0 |      0 |      6 |   1 |   20.0 |
       Dungeon |     20 |     20 |      0 |      0 |      6 |   1 |   20.0 |
               +--------+--------+--------+--------+--------+-----+--------+

Top non-repeatable levels by time:
     D:1: 20 daAuts
